 Dungeon Crawl Stone Soup version 0.26-a0-438-g4b1dca4f87 (webtiles) character file.

Game seed: 5222539839262282634

13161 KristoblXynda the Nimble (level 11, -4/99 HPs)
             Began as a Pale Draconian Monk on July 26, 2020.
             Was a Priest of Ashenzari.
             Slain by a cyclops (17 damage)
             ... on level 11 of the Dungeon.
             The game lasted 00:18:57 (13163 turns).

KristoblXynda the Nimble (Pale Draconian Monk)     Turns: 13163, Time: 00:18:57

Health: -4/99      AC: 10    Str: 14    XL:     11   Next: 71%
Magic:  11/11      EV: 18    Int: 14    God:    Ashenzari [***...]
Gold:   472        SH:  5    Dex: 13    Spells: 6/10 levels left

rFire    . . .     SeeInvis +   x - +5 long sword (holy) (curse)
rCold    . . .     Faith    .   t - +0 buckler
rNeg     + . .     Spirit   .   (armour unavailable)
rPois    .         Reflect  .   (helmet restricted)
rElec    .         Harm     .   (no cloak)
rCorr    .                      a - +0 pair of gloves
MR       +....                  g - +1 pair of boots
Stlth    ++........             o - amulet of the acrobat (curse)
HPRegen  0.26/turn              B - ring of protection from magic
MPRegen  0.12/turn              C - ring of positive energy

@: short of breath
A: breathe steam, unfitting armour, cold-blooded, AC +7
a: Breathe Steam, Curse Item, Scrying, Renounce Religion


You were on level 11 of the Dungeon.
You worshipped Ashenzari.
Ashenzari was most pleased with you.
You visited 2 branches of the dungeon, and saw 12 of its levels.
You also visited: Sewer.

You collected 729 gold pieces.
You spent 257 gold pieces at shops.

Inventory:

Hand Weapons
 h - a +5 scimitar
 x - a cursed +5 long sword of holy wrath (weapon)
Armour
 a - a +0 pair of gloves (worn)
 g - a +1 pair of boots (worn)
 m - a +1 kite shield of protection
 t - a +0 buckler (worn)
Jewellery
 o - a cursed amulet of the acrobat (around neck)
 y - an uncursed ring of magical power
 B - a ring of protection from magic (left hand)
 C - a ring of positive energy (right hand)
 H - an uncursed ring of protection from fire
Wands
 D - a wand of iceblast (7)
 G - a wand of digging (12)
Scrolls
 b - 6 scrolls of remove curse
 i - 4 scrolls of teleportation
 k - 3 scrolls of fog
 l - 3 scrolls of enchant weapon
 p - 2 scrolls of enchant armour
 F - a scroll of amnesia
 J - a scroll of magic mapping
Potions
 c - a potion of berserk rage
 d - 3 potions of stabbing
 e - a potion of magic
 f - 2 potions of lignification
 j - 9 potions of curing
 q - 4 potions of mutation
 r - a potion of cancellation {unknown}
 s - 3 potions of flight
 u - 2 potions of might {unknown}
 v - 6 potions of brilliance
 w - 3 potions of heal wounds
 z - a potion of invisibility {unknown}
 A - 2 potions of haste
 E - 2 potions of ambrosia


   Skills:
 - Level 10.0 Fighting
 - Level 10.0(12.7) Long Blades
 + Level 10.5 Dodging
 - Level 1.7 Stealth
 - Level 4.1 Shields
 + Level 6.6 Transmutations
 + Level 3.3 Earth Magic


You had 6 spell levels left.
You knew the following spells:

 Your Spells              Type           Power        Failure   Level
a - Petrify               Tmut/Erth      ##......     36%         4

Your spell library contained the following spells:

 Spells                   Type           Power        Failure   Level
 Ignite Poison            Fire/Tmut/Pois #.......     34%         3
 Poisonous Vapours        Pois/Air       #.....       41%         2
 Confusing Touch          Hex            #.......     65%         3
 Conjure Flame            Conj/Fire      #.......     65%         3
 Gell's Gravitas          Tloc           #.........   65%         3
 Mephitic Cloud           Conj/Pois/Air  #.......     65%         3
 Yara's Violent Unravell  Hex/Tmut       #.........   91%         5
 Fireball                 Conj/Fire      #.........   100%        5
 Metabolic Englaciation   Hex/Ice        #.........   100%        5
 Freezing Cloud           Conj/Ice/Air   #.........   100%        6
 Starburst                Conj/Fire      #.........   100%        6
 Ignition                 Fire           #.........   100%        8


Dungeon Overview and Level Annotations

Branches:
Dungeon (11/15)            Temple (1/1) D:6            Lair (0/6) D:10
    Orc (0/2) D:10          Sewer (visited)

Altars:
Ashenzari
Cheibriados
Dithmenos
Elyvilon
Fedhas
Gozag
Hepliaklqana
Kikubaaqudgha
Makhleb
Nemelex Xobeh
Okawaru
Qazlal
Ru
Sif Muna
Trog
Uskayaw
Vehumet
Wu Jian
Xom
Yredelemnul
Zin
The Shining One
Beogh

Shops:
D:4 (=*   D:6 (

Annotations:
D:4 1 runed translucent door, hemabe71's ghost, amateur HuAr


Innate Abilities, Weirdness & Mutations

You can breathe blasts of scalding, opaque steam.
Your pale cyan-grey scales are hard. (AC +7)
You cannot fit into any form of body armour.
You are cold-blooded and may be slowed by cold attacks.


Message History

Aim: a cyclops You exhale a blast of scalding steam.
The ball of steam hits the cyclops but does no damage.
The cyclops is engulfed in a cloud of scalding steam.
Unknown command.
You feel much better.
The cyclops is engulfed in a cloud of scalding steam.
The cyclops hits you.
You slash the cyclops!
The cyclops is heavily wounded.
You hit the cyclops.
The cyclops is heavily wounded.
The cyclops hits you!!
* * * LOW HITPOINT WARNING * * *
You hit the cyclops.
The cyclops is severely wounded.
You hit the cyclops.
Your tail-slap misses the cyclops.
The cyclops is severely wounded.
The cyclops hits you!
You die...

* ##......# #....#
#......#, * # .....#####
#......# #.##....#...#
#...#..#, ,
#.......#...# #.###..#.
...#.##.#...###........
............)))#######..
* .............†.# *## *
#.§§C@(...(..#
......#.#...#### * ,
........#...# *
....#.#.#...# ** **
.............. ,, , *
..#.. ..##.##.#* * , .
#.....##.# .# ,
#.....##.. ., **, ,.. ##
** *


You could see a cyclops.

Vanquished Creatures
  A hydra (D:11)
  A two-headed ogre (D:9)
  A centaur warrior (D:9)
  3 death yaks (D:10)
  Joseph (D:7)
  A freezing wraith (D:9)
  6 hippogriffs
  A shadow (D:11)
  Sigmund (D:5)
  4 yaks (D:10)
  Eustachio (D:4)
  Menkaure (D:4)
  A water moccasin (D:11)
  A porcupine (D:10)
  4 orc warriors
  An ice beast (D:7)
  2 black bears
  An eye of draining (D:9)
  2 sky beasts
  5 ogres
  2 phantoms (D:6)
  5 centaurs
  5 bullfrogs
  6 big kobolds
  2 gnoll sergeants
  5 scorpions
  A water moccasin zombie (D:6)
  A water moccasin skeleton (D:7)
  8 wights
  9 killer bees
  7 howler monkeys
  3 hounds
  2 jellies
  3 centaur skeletons
  11 orc priests
  A bullfrog skeleton (D:10)
  10 orc wizards
  Jessica (D:3)
  Ijyb (D:3)
  10 worker ants
  Natasha (twice) (D:3)
  5 iguanas
  A killer bee zombie (D:5)
  A hound zombie (D:8)
  2 worker ant zombies
  Robin (D:3)
  11 gnolls
  2 river rats
  13 adders
  3 howler monkey skeletons
  A shadow imp (D:5)
  3 white imps
  2 ufetubi
  3 oozes (Sewer)
  4 adder skeletons
  2 adder zombies (D:9)
  4 worms
  5 dart slugs
  11 leopard geckos
  53 orcs
  A ball python (Sewer)
  7 bats
  9 giant cockroaches
  12 goblins
  8 hobgoblins
  10 jackals
  4 quokkas
  A ball python skeleton (D:5)
  9 frilled lizards
  36 kobolds
  A quokka skeleton (D:2)
  A quokka zombie (D:6)
  12 rats
372 creatures vanquished.

Vanquished Creatures (others)
  An orc wizard (D:4)
1 creature vanquished.

Grand Total: 373 creatures vanquished

Notes
Turn   | Place    | Note
-------+----------+-------------------------------------------
     0 | D:1      | KristoblXynda the Draconian Monk began the quest for the
                  | Orb.
     0 | D:1      | Reached XP level 1. HP: 19/19 MP: 1/1
   380 | D:1      | Reached XP level 2. HP: 26/26 MP: 2/2
   732 | D:1      | Reached XP level 3. HP: 33/33 MP: 3/3
  1740 | D:2      | Reached XP level 4. HP: 40/40 MP: 4/4
  1885 | D:3      | Noticed Jessica
  1908 | D:3      | Killed Jessica
  2180 | D:3      | Noticed Ijyb
  2202 | D:3      | Killed Ijyb
  2202 | D:3      | Reached XP level 5. HP: 18/47 MP: 5/5
  2467 | D:3      | Noticed Natasha
  2470 | D:3      | Killed Natasha
  2740 | D:3      | Noticed Robin
  2760 | D:3      | Killed Robin
  2897 | D:3      | Noticed Natasha
  2904 | D:3      | Killed Natasha
  3006 | D:4      | Reached skill level 5 in Fighting
  3006 | D:4      | Reached XP level 6. HP: 56/56 MP: 6/6
  3350 | D:4      | Reached skill level 5 in Long Blades
  3444 | D:4      | Found Zodotips's Assorted Antiques.
  3454 | D:4      | Noticed Menkaure
  3655 | D:4      | Killed Menkaure
  3655 | D:4      | Your scales start taking on a pale cyan-grey colour.
  3655 | D:4      | Reached XP level 7. HP: 44/62 MP: 7/7
  3709 | D:4      | Found a runed translucent door.
  3710 | D:4      | Noticed hemabe71's ghost (amateur HuAr)
  3876 | D:4      | Noticed Eustachio
  3880 | D:4      | Bought a scroll labeled DOEFOX YSKIFUAKYUS for 26 gold
                  | pieces
  3880 | D:4      | Bought a scroll labeled JOTIS EGOETU for 26 gold pieces
  3880 | D:4      | Bought an inky potion for 23 gold pieces
  3939 | D:4      | Reached skill level 5 in Dodging
  3963 | D:4      | Killed Eustachio
  4231 | D:4      | Found Eledyrgh's Jewellery Shoppe.
  4397 | D:4      | Found Qunluuwk's Antique Weapon Shop.
  4400 | D:4      | Bought a glowing long sword for 182 gold pieces
  4531 | D:5      | Entered Level 5 of the Dungeon
  4601 | D:5      | Found a glowing drain.
  4606 | Sewer    | Entered a sewer
  4958 | Sewer    | Reached XP level 8. HP: 61/71 MP: 8/8
  5159 | D:5      | Noticed Sigmund
  5167 | D:5      | Killed Sigmund
  6001 | D:6      | Learned a level 4 spell: Petrify
  6263 | D:6      | Reached XP level 9. HP: 65/81 MP: 9/9
  6418 | D:6      | Found a staircase to the Ecumenical Temple.
  6448 | Temple   | Entered the Ecumenical Temple
  6561 | Temple   | Became a worshipper of Ashenzari the Shackled
  6561 | Temple   | Reached * piety under Ashenzari
  6561 | Temple   | Reached ** piety under Ashenzari
  6698 | D:6      | Found a sparkling altar of Nemelex Xobeh.
  6735 | D:6      | Found Tuvaarikut's Antique Weapon Boutique.
  7654 | D:7      | Noticed Joseph
  7667 | D:7      | Killed Joseph
  7952 | D:7      | Found a stormy altar of Qazlal.
  8425 | D:8      | Reached XP level 10. HP: 92/92 MP: 10/10
  9302 | D:8      | Reached skill level 10 in Fighting
  9557 | D:9      | Noticed a centaur warrior
  9572 | D:9      | Killed a centaur warrior
  9572 | D:9      | Reached skill level 1 in Transmutations
  9585 | D:9      | Found a glowing golden altar of the Shining One.
  9998 | D:9      | Reached skill level 10 in Long Blades
 10402 | D:9      | Reached skill level 1 in Shields
 10576 | D:9      | Noticed a two-headed ogre
 10606 | D:9      | Killed a two-headed ogre
 11003 | D:9      | Found a white marble altar of Elyvilon.
 11092 | D:9      | Reached XP level 11. HP: 76/99 MP: 11/11
 11318 | D:10     | Entered Level 10 of the Dungeon
 11407 | D:10     | Reached *** piety under Ashenzari
 11530 | D:10     | Noticed a death yak
 11531 | D:10     | Found a staircase to the Lair.
 11531 | D:10     | Noticed a death yak
 11546 | D:10     | Noticed a death yak
 11557 | D:10     | Killed a death yak
 11675 | D:10     | Killed a death yak
 11675 | D:10     | Reached skill level 5 in Transmutations
 12038 | D:10     | Killed a death yak
 12078 | D:10     | Reached skill level 10 in Dodging
 12505 | D:10     | Found a roughly hewn altar of Beogh.
 12505 | D:10     | Found a staircase to the Orcish Mines.
 12596 | D:10     | Reached skill level 1 in Earth Magic
 12916 | D:11     | Noticed a seven-headed hydra
 12934 | D:11     | Killed a seven-headed hydra
 13163 | D:11     | Slain by a cyclops

Illustrated notes

Levels and vault maps discovered:
D:1:      matt_arrival_grand_opening, layout_basic, minmay_pentomino_t4
D:2:      layout_basic
D:3:      layout_basic, grunt_decor_mini_mirrors, uniq_natasha, uniq_robin,
          uniq_jessica, uniq_ijyb
D:4:      layout_basic, ebering_ghost_reflecting_pool, serial_shops, shop,
          kennysheep_mini_moat, shop_statue, uniq_menkaure, uniq_eustachio
D:5:      layout_basic, gup_sewer_entry_bowl, uniq_sigmund
D:6:      layout_basic, minmay_temple_entry_sparse_star, basic_altar,
          serial_shops, kennysheep_little_box
D:7:      layout_loops_ring, mrwooster_statue_mirror,
          nicolae_qazlal_style_of_elements, uniq_joseph
D:8:      layout_basic
D:9:      layout_basic, elyvilon_altar_4, minivault_20, minmay_ruined_shrine
D:10:     layout_basic, dpeg_lair_monsters, david_orc_5
D:11:     layout_loops_cross, kb_lookout_dungeons_type,
          okawaru_ov_weapons_minmay
Temple:   kilobyte_greek_temple

Skill      XL: |  1  2  3  4  5  6  7  8  9 10 11 |
---------------+----------------------------------+-----
Dodging        | 3 4 5 6 8 9 10 | 10.5
Fighting       | 4 5 6 8 9 10 | 10.0
Long Blades    | 4 5 6 7 8 10 | 10.0
Transmutations | 4 6 |  6.6
Shields        | 2 4 |  4.1
Earth Magic    | 3 |  3.3
Stealth        | |  1.7

Action                   |  1- 3 |  4- 6 |  7- 9 | 10-12 || total
-------------------------+-------+-------+-------+-------++-------
Melee: Falchion          |   128 |    56 |       |       ||   184
       Tailslap          |    22 |    30 |    45 |    58 ||   155
       Dagger            |       |   158 |    38 |       ||   196
       Long sword        |       |       |   276 |   428 ||   704
Invok: Curse Item        |       |       |     2 |       ||     2
 Abil: Breathe Steam     |       |       |     7 |    21 ||    28
Evoke: Wand              |       |       |       |     3 ||     3
  Use: Scroll            |       |     8 |    12 |     3 ||    23
       Potion            |       |     3 |       |     2 ||     5
 Stab: Sleeping          |     1 |     1 |     3 |     2 ||     7
Armor: Skin              |    48 |    62 |    81 |    80 ||   271
Dodge: Dodged            |    90 |   136 |   273 |   352 ||   851
Block: Buckler           |       |       |       |    49 ||    49
       Rpst.: Falchion   |    31 |    11 |       |       ||    42
       Long sword        |       |       |    72 |    98 ||   170

Table legend: (Time is in decaauts)
 A = Elapsed time spent in this place.
 B = Non-inter-level travel time spent in this place.
 C = Inter-level travel time spent in this place.
 D = Time resting spent in this place.
 E = Time spent auto-exploring this place.
 F = Levels seen in this place.
 G = Mean time per level.
                   A        B        C        D        E       F      G
               +--------+--------+--------+--------+--------+-----+--------+
         Total |  13129 |  12845 |    284 |   3364 |   6670 |  13 | 1009.9 |
       Dungeon |  12539 |  12293 |    246 |   3197 |   6507 |  11 | 1139.9 |
        Temple |    159 |    121 |     38 |      0 |    107 |   1 |  159.0 |
         Sewer |    430 |    430 |      0 |    167 |     56 |   1 |  430.0 |
               +--------+--------+--------+--------+--------+-----+--------+

Top non-repeatable levels by time:
     D:9: 1763 daAuts
    D:10: 1534 daAuts
     D:4: 1524 daAuts
     D:7: 1286 daAuts
     D:3: 1181 daAuts
     D:8: 1134 daAuts
     D:1: 1110 daAuts
     D:5: 1045 daAuts
     D:6: 980 daAuts
     D:2: 721 daAuts
   Sewer: 430 daAuts
    D:11: 258 daAuts
  Temple: 159 daAuts
